 Dungeon Crawl Stone Soup version 0.27.1-33-g824d729ab1 (webtiles) character file.

Game seed: 8727645505120557566

26 potato4science the Sneak (level 3, -1/24 HPs)
             Began as an Octopode Brigand on Dec 23, 2021.
             Slain by a gnoll (9 damage)
             ... on level 1 of the Dungeon.
             The game lasted 00:04:05 (1101 turns).

potato4science the Sneak (Octopode Brigand)         Turns: 1101, Time: 00:04:05

Health: -1/24      AC:  1    Str: 11    XL:     3   Next: 8%
Magic:  3/3        EV: 13    Int: 13    God:
Gold:   31         SH:  0    Dex: 13    Spells: 2/2 levels left

rFire    . . .     SeeInvis .   a - +2 dagger
rCold    . . .     Faith    .   (no shield)
rNeg     . . .     Spirit   .   (helmet restricted)
rPois    .         Reflect  .   (no amulet)
rElec    .         Harm     .   (no ring)
rCorr    .         Rampage  .   (no ring)
Will     .....                  (no ring)
Stlth    ++++......             (no ring)
HPRegen  0.08/turn              (no ring)
MPRegen  0.08/turn              (no ring)
                                (no ring)
                                (no ring)

@: no status effects
A: almost no armour, amphibious, 8 rings, camouflage 1, gelatinous body 1,
(nimble swimmer 1), tentacles
a: no special abilities


You were on level 1 of the Dungeon.
You visited 1 branch of the dungeon, and saw 2 of its levels.

You collected 31 gold pieces.

Inventory:

Hand Weapons
 a - a +2 dagger (weapon)
Missiles
 b - 7 poisoned darts (quivered)
 c - 2 curare-tipped darts
Magical Staves
 e - a staff of fire
Scrolls
 d - a scroll of vulnerability {unknown}
 h - a scroll of blinking {unknown}
 i - a scroll of enchant weapon {unknown}
Potions
 f - a potion of curing {unknown}
 g - a potion of brilliance {unknown}
 j - a potion of magic {unknown}


   Skills:
 + Level 2.3 Fighting
 - Level 2.0 Short Blades
 - Level 2.0 Throwing
 - Level 2.0 Dodging
 - Level 6.0 Stealth


You had 2 spell levels left.
You didn't know any spells.
Your spell library was empty.

Dungeon Overview and Level Annotations

Branches:
Dungeon (2/15)

Altars:


Innate Abilities, Weirdness & Mutations

You cannot wear most types of armour.
You are amphibious.
You can wear up to eight rings at the same time.
Your skin changes colour to match your surroundings (Stealth+).
Your rubbery body absorbs attacks. (AC +1, EV +1)
((You are camouflaged near water. (Stealth+)))
You have tentacles for arms and can constrict up to eight enemies at once.


Message History

Found a black potion.
A kobold comes into view. It is wielding a +0 short sword.
Found 15 bolts.
A gnoll comes into view. It is wielding a +0 club.
The kobold shouts!
You hear a shout! x2
A gnoll comes into view. It is wielding a +0 flail.
The gnoll shouts! x2
The gnoll throws a throwing net.
The throwing net hits you.
You become entangled in the net!
You see here a throwing net.
You struggle against the net.
The kobold hits you with a +0 short sword.
A gnoll comes into view. It is wielding a +0 club.
A gnoll comes into view. It is wielding a +0 halberd.
Unknown command.
You struggle against the net.
The kobold hits you with a +0 short sword.
You struggle against the net.
The kobold hits you with a +0 short sword.
You rip the net and break free!
The kobold closely misses you. The gnoll misses you.
You closely miss the gnoll. You grab the gnoll.
You squeeze the gnoll, but do no damage.
You constrict the gnoll. The kobold misses you.
You release your grip on the gnoll.
The gnoll barely misses you.
There is a stone staircase leading up here.
You throw a poisoned dart. The poisoned dart hits the gnoll.
The gnoll is poisoned.
The gnoll hits you with a +0 club!
You climb upwards.
There is a stone staircase leading down here.
You hit the gnoll. Your grab misses the gnoll.
The gnoll is moderately wounded.
The gnoll hits you with a +0 club.
You closely miss the gnoll. You grab the gnoll.
You squeeze the gnoll, but do no damage.
The gnoll is heavily wounded.
You constrict the gnoll. The gnoll hits you with a +0 club!
You die...

...## #.# #.##.........#
....## #.# #.##.........#
.....# #.# #.###.......##
.....# #.# #.##.........#
.....######.# #..#.........#
............# ##...........#
............# #...........#
........##### #...........#
.........#######@##.......##
..............##g###.....##
............#.#...########
.......##...#.....#
......#########...# #.....##
##### .......# .......#
....)..#


You could see a gnoll (poisoned).

Vanquished Creatures
  2 dart slugs (D:1)
  A bat (D:1)
  2 endoplasms (D:1)
  2 goblins (D:1)
  3 jackals (D:1)
  2 ball pythons (D:1)
  3 frilled lizards (D:1)
  4 kobolds (D:1)
  3 rats (D:1)
22 creatures vanquished.

Notes
Turn   | Place    | Note
-------+----------+-------------------------------------------
     0 | D:1      | potato4science the Octopode Brigand began the quest for the
                  | Orb.
     0 | D:1      | Reached XP level 1. HP: 14/14 MP: 1/1
   401 | D:1      | Reached XP level 2. HP: 19/19 MP: 2/2
   404 | D:1      | Reached skill level 6 in Stealth
   640 | D:1      | Reached XP level 3. HP: 16/24 MP: 3/3
  1101 | D:1      | Slain by a gnoll

Illustrated notes

Levels and vault maps discovered:
D:1:      onia_arrival_handbag, layout_rooms, minmay_misc_feat_enclosed
D:2:      layout_basic, shapermc_ecumenical_altar_flowoftime

Skill      XL: |  1  2 |
---------------+-------+-----
Stealth        | 6 |  6.0
Dodging        | 2 |  2.0
Fighting       | |  2.3
Short Blades   | |  2.0
Throwing       | |  2.0

Action                   || total
-------------------------++-------
Melee: Dagger            ||    39
       Tentacles         ||     8
       Constrict         ||     8
Throw: Dart              ||     8
 Stab: Sleeping          ||     8
Armor: Skin              ||     4
Dodge: Dodged            ||    18
